Unix NetHack Version 3.7.0-97 Work-in-progress - last build Jan 21 2024 04:38:04 (157cf090cb53e479d994ec1a4552202481ff9585,branch:master). Game began 2024-01-24 17:21:08, ended 2024-01-27 21:56:51. youngster, lawful female human Knight ------------------------ |......................| |..-------------------.| ----.| ----- |$| |..|.-- --...| |.| |.....|--|....| |.| |.....|..|..0.| |.| --....|......-- |.| |.......|...| ------|.| |....|..|...| --|....p|.| |....---|...| |?-....u|.| |.......|..-- |-|.....|.| ----...0|.-- |.....%)%)| ---.--.| |-|.....|-- |.....| |....0..| |>.|..| --|.....| ------- ------- Youngster the Bachelor St:18 Dx:9 Co:13 In:7 Wi:14 Ch:17 Lawful Dlvl:5 $:0 HP:0(68) Pw:49(49) AC:2 Xp:9/3389 T:7311 Ride Latest messages: You see here a small glob of gray ooze. You have a little trouble lifting W - a small glob of gray ooze. What do you want to eat? [gVW or ?*] You have a very bad case of stomach acid. You finish eating the small glob of gray ooze. You have a little trouble lifting $ - 30 gold pieces (99 in total). You have a little trouble lifting $ - 51 gold pieces (150 in total). You have a little trouble lifting $ - 46 gold pieces (196 in total). You have a little trouble lifting $ - 33 gold pieces (229 in total). You have a little trouble lifting $ - 35 gold pieces (264 in total). You have a little trouble lifting $ - 63 gold pieces (327 in total). You have a little trouble lifting $ - 824 gold pieces (1151 in total). You have a little trouble lifting $ - 605 gold pieces (1756 in total). You have a little trouble lifting $ - 62 gold pieces (1818 in total). You have a little trouble lifting $ - 43 gold pieces (1861 in total). What do you want to use or apply? [bd-fhjl-nprNOT or ?*] You now wield an uncursed +1 lance. Where do you want to hit? (For instructions type a '?') The lance misses the manes. What do you want to use or apply? [bd-fhjl-nprNOT or ?*] Where do you want to hit? (For instructions type a '?') The lance hits the manes! What do you want to use or apply? [bd-fhjl-nprNOT or ?*] Where do you want to hit? (For instructions type a '?') You destroy the manes! You swap places with the peaceful dwarf lady. You have a little trouble lifting $ - 15 gold pieces (1876 in total). You have a little trouble lifting $ - 71 gold pieces (1947 in total). You see here a little dog corpse. There are several objects here. You have a little trouble lifting $ - 36 gold pieces (1983 in total). You see here 2 pears. A glass piercer suddenly drops from the ceiling! Its blow glances off your helm. You drop 1983 gold pieces. You drop a wand of digging. You drop a wand of speed monster. Your movements are now unencumbered. You drop an uncursed wand of striking named empty. You drop an uncursed wand of striking. You drop a wand of striking. The glass piercer bites! You joust the glass piercer! You joust the glass piercer! You hit the glass piercer! The glass piercer bites! You die... Inventory: Weapons (')') t - an uncursed +0 aklys a - an uncursed +1 long sword b - an uncursed +1 lance (weapon in right hand) Armor ('[') H - an uncursed +0 helmet (being worn) G - an uncursed +0 pair of leather gloves (being worn) S - an uncursed +0 pair of speed boots (being worn) B - a blessed +0 small shield (being worn) C - an uncursed +0 dwarvish cloak (being worn) A - an uncursed +1 ring mail (being worn) Comestibles ('%') g - 3 uncursed apples V - an uncursed K-ration Potions ('!') U - an uncursed potion of water Rings ('=') k - an uncursed ring of cold resistance D - a cursed -1 ring of increase accuracy Q - an uncursed ring of levitation R - an uncursed ring of shock resistance Tools ('(') m - an uncursed bag of holding named holdin containing 34 items f - an uncursed sack named SNAFU SACK containing 1 item p - an empty uncursed sack e - an uncursed lock pick named cld l - an uncursed magic lamp n - an uncursed tin whistle j - an uncursed towel named P3597 h - an uncursed +0 unicorn horn Contents of the sack named SNAFU SACK: a cursed wand of cancellation (0:7) Contents of the bag of holding named holdin: 535 gold pieces an uncursed amulet versus poison an uncursed +0 mummy wrapping an uncursed scroll of amnesia named 200 3 uncursed scrolls of blank paper an uncursed scroll of create monster named 200 an uncursed scroll of identify a cursed scroll of identify named 20 3 uncursed scrolls of light named 50 an uncursed scroll of punishment named 300 an uncursed scroll of remove curse an uncursed scroll of teleportation an uncursed potion of booze named 50 a cursed potion of confusion named 100 an uncursed potion of enlightenment an uncursed potion of gain energy named 150 4 uncursed potions of healing named 20 3 cursed potions of healing a potion of unholy water an uncursed wand of digging (0:6) an uncursed wand of opening (0:6) an uncursed wand of sleep (0:6) an uncursed expensive camera (0:35) an uncursed +0 pick-axe an uncursed wax candle an uncursed citrine stone 2 uncursed diamonds 3 uncursed jet stones 2 uncursed worthless pieces of black glass 2 uncursed worthless pieces of green glass named precious??? 2 uncursed worthless pieces of orange glass 2 uncursed worthless pieces of red glass 2 uncursed worthless pieces of violet glass an uncursed worthless piece of white glass Youngster the Knight's attributes: Background: You were a Bachelor, a level 9 female human Knight. You were lawful, on a mission for Lugh who was opposed by Brigit (neutral) and Manannan Mac Lir (chaotic). You were right-handed. You were in Sokoban, on level 5. You entered the dungeon 7311 turns ago. There was a full moon in effect when your adventure ended. You had 3389 experience points, 1731 more were needed to attain level 10. Basics: You had 0 out of 68 hit points. You had all 49 energy points (spell power). Your armor class was 2. Your wallet was empty, but you had 535 zorkmids stashed away in your pack. Autopickup was on for '$?!"=/*' plus thrown, with exceptions. Final Characteristics: Your strength was 18 (limit:18/100). Your dexterity was 9 (limit:18). Your constitution was 13 (limit:18). Your intelligence was 7 (limit:18). Your wisdom was 14 (limit:18). Your charisma was 17 (limit:18). Final Status: You were riding GRAPEFRUIT MKII. You weren't hungry. You were unencumbered. You were wielding a lance. You were skilled in lance. Final Attributes: You were piously aligned. Your items were somewhat protected from fire. You were cold resistant. Your items were somewhat protected from cold. You were telepathic. You could jump. You were warded. You were very fast. You were lucky. You are dead. Miscellaneous: You never encountered a bones level. Total elapsed playing time was 3 hours, 33 minutes and 9 seconds. Major events: Turn 1: youngster the lawful female human Knight entered the dungeon 930: entered the Gnomish Mines 1000: attained the rank of Esquire (level 3) 1919: reached Mine Town 1929: attained the rank of Bachelor (level 6) 5414: entered Sokoban 5633: completed 1st Sokoban level 5972: completed 2nd Sokoban level 6429: completed 3rd Sokoban level 7108: completed 4th Sokoban level 7311: killed by a glass piercer Vanquished creatures: a giant mimic a wumpus a stalker a sergeant a winter wolf 3 small mimics an ettin mummy a freezing sphere a tiger a tengu 2 ochre jellies a wraith a leather golem a chameleon a crocodile 3 giant beetles 4 wolves a winter wolf cub 3 leprechauns 2 horses a gnome ruler 2 yetis a Green-elf a chickatrice 2 dogs a housecat a black unicorn a raven a gnome mummy a snake a human zombie a soldier ant 3 quasits a wood nymph 2 water nymphs a mountain nymph 6 Uruk-hai an orc shaman a rock piercer a rock mole 2 ponies a fog cloud 2 yellow lights 6 gnome leaders a gnomish wizard a kobold mummy a gray ooze 4 elf zombies a ghoul a little dog 2 floating eyes a kitten a dwarf a kobold leader 5 hill orcs 4 rothes 2 giant bats 2 orc zombies 3 dwarf zombies a werejackal 6 iguanas 3 killer bees 3 coyotes 14 manes a large kobold a hobgoblin 5 giant rats a green mold 34 gnomes 2 gnome zombies 3 geckos 10 jackals a fox a kobold a goblin a sewer rat 5 grid bugs 2 bats 4 lichens 3 kobold zombies 4 newts 208 creatures vanquished. No species were genocided or became extinct. Voluntary challenges: You read items or engraved 25 times. You engraved Elbereth 17 times. You never genocided any monsters. You never polymorphed an object. You never changed form. You used no wishes. You did not violate any of the special Sokoban rules. Achievements: You entered a shop. You entered the Gnomish Mines. You attained the rank of Esquire. You entered Minetown. You attained the rank of Bachelor. You entered a temple. You entered Sokoban. The Dungeons of Doom: levels 1 to 9 Level 1: "bar" A fountain. Level 2: Level 3: "vault" Level 4: Stairs down to The Gnomish Mines. Level 5: Level 6: Level 7: Some fountains. Level 8: Many fountains. Oracle of Delphi. Level 9: Stairs up to Sokoban, level 8. The Gnomish Mines: levels 5 to 8 Level 5: Level 6: Level 7: A temple and an altar, some fountains, some trees. Level 8: Sokoban: levels 8 up to 5 Level 5: <- You were here. Solved. Final resting place for you, killed by a glass piercer. Level 6: Solved. Level 7: Solved. Level 8: Solved. Game over: ---------- / \ / REST \ / IN \ / PEACE \ / \ | youngster | | 535 Au | | killed by a | | glass piercer | | | | | | 2024 | *| * * * | * _________)/\\_//(\/(/\)/\//\/|_)_______ Fare thee well youngster the Knight... You died in Sokoban on dungeon level 5 with 14448 points, and 535 pieces of gold, after 7311 moves. You were level 9 with a maximum of 68 hit points when you died.